NWL
SPOKANE INDIANS @ EVERETT AQUASOX
08/18/2098
 
TOP OF THE 1ST
Spokane Indians batting - Pitching for Everett AquaSox : RHP Emilio Fioravanti
Pitching: RHP Emilio Fioravanti
Batting: RHB Mike Cooper 0-0: Fly out, F8 (Flyball, 8RM, EV 86.9 MPH)
Batting: LHB Danny Luna 0-0: Ground out U3 (Groundball, 3, EV 78.8 MPH)
Batting: RHB Seth Rulo 0-0: Called Strike
0-1: Foul Ball, location: 2F
0-2: Ball
1-2: SINGLE (Line Drive, 4D, EV 95.0 MPH)
Batting: RHB Pat Hoover 0-0: Ball
1-0: Ball
2-0: Ball
3-0: Called Strike
3-1: Base on Balls
Seth Rulo to second
Batting: RHB Manny Valdenegro 0-0: Called Strike
0-1: Ball
1-1: Fly out, F2 (Popup, 23F, EV 75.0 MPH)
Top of the 1st over - 0 runs, 1 hit, 0 errors, 2 left on base; Spokane 0 - Everett 0
BOTTOM OF THE 1ST
Everett AquaSox batting - Pitching for Spokane Indians : RHP Pat Pispinis
Pitching: RHP Pat Pispinis
Batting: LHB Darren Gatling 0-0: Ground out U3 (Groundball, 3, EV 101.9 MPH)
Batting: RHB Robert Olague 0-0: Ball
1-0: Ball
2-0: SOLO HOME RUN (Flyball, 7D, EV 98.1 MPH), Distance : 361 ft
Batting: LHB Bryan Mahoney 0-0: Ball
1-0: Ball
2-0: Foul Ball, location: 5DF
2-1: Foul Ball, location: 2RF
2-2: Ball
3-2: Base on Balls
Batting: LHB Brett Van Slooten 0-0: Ball
1-0: Ball
2-0: Called Strike
2-1: Ball
3-1: Swinging Strike
3-2: Strikes out looking
Batting: LHB Ryan George 0-0: Ball
1-0: Ball
2-0: Ball
3-0: Base on Balls
Bryan Mahoney to second
Batting: RHB Wyatt Cobb 0-0: Called Strike
0-1: Swinging Strike
0-2: Strikes out swinging
Bottom of the 1st over - 1 run, 1 hit, 0 errors, 2 left on base; Spokane 0 - Everett 1
TOP OF THE 2ND
Spokane Indians batting - Pitching for Everett AquaSox : RHP Emilio Fioravanti
Batting: RHB Greg Milne 0-0: Ball
1-0: Foul Ball, location: 2F
1-1: Called Strike
1-2: Strikes out swinging
Batting: LHB Justin Howard 0-0: Ball
1-0: Ball
2-0: Ball
3-0: Base on Balls
Batting: SHB Pablo Cuevas 0-0: Ball
1-0: Swinging Strike
1-1: Swinging Strike
1-2: Foul Ball, location: 2F
1-2: Foul Ball, location: 3F
1-2: Strikes out swinging
Batting: RHB Alex Minero 0-0: Ball
1-0: Ground out 5-3 (Groundball, 56S, EV 83.8 MPH)
Top of the 2nd over - 0 runs, 0 hits, 0 errors, 1 left on base; Spokane 0 - Everett 1
BOTTOM OF THE 2ND
Everett AquaSox batting - Pitching for Spokane Indians : RHP Pat Pispinis
Batting: RHB Miguel Torres 0-0: SINGLE (Line Drive, 3D, EV 98.1 MPH)
Batting: RHB Jim Hughes 0-0: Ball
1-0: Foul Ball, location: 23F
1-1: Fly out, F7 (Line Drive, 78S, EV 99.4 MPH)
Batting: LHB Tobias Hernandez 0-0: Fly out, F9 (Line Drive, 89D, EV 100.6 MPH)
Batting: LHB Darren Gatling 0-0: Foul Ball, location: 2F
0-1: Foul Ball, location: 2F
0-2: Ball
1-2: Ball
2-2: Ball
3-2: Strikes out swinging
Bottom of the 2nd over - 0 runs, 1 hit, 0 errors, 1 left on base; Spokane 0 - Everett 1
TOP OF THE 3RD
Spokane Indians batting - Pitching for Everett AquaSox : RHP Emilio Fioravanti
Batting: RHB Mike Cooper 0-0: DOUBLE (Line Drive, 9LM, EV 90.0 MPH)
Batting: LHB Danny Luna 0-0: Ball
1-0: DOUBLE (Line Drive, 78XD, EV 109.4 MPH)
Mike Cooper scores
Batting: RHB Seth Rulo 0-0: Ball
1-0: Foul Ball, location: 3FF
1-1: Ball
2-1: Ground out 6-3 (Groundball, 6, EV 103.1 MPH)
Danny Luna to third
Batting: RHB Pat Hoover 0-0: Swinging Strike
0-1: Foul Ball, location: 23F
0-2: Ball
1-2: Ground out 3-1 (Groundball, 34S, EV 84.4 MPH)
Danny Luna scores
Batting: RHB Manny Valdenegro 0-0: Called Strike
0-1: Ball
1-1: Swinging Strike
1-2: Ball
2-2: Strikes out swinging
Top of the 3rd over - 2 runs, 2 hits, 0 errors, 0 left on base; Spokane 2 - Everett 1
BOTTOM OF THE 3RD
Everett AquaSox batting - Pitching for Spokane Indians : RHP Pat Pispinis
Batting: RHB Robert Olague 0-0: Ball
1-0: Called Strike
1-1: Foul Ball, location: 7LMF
1-2: Ground out 4-3 (Groundball, 4, EV 79.4 MPH)
Batting: LHB Bryan Mahoney 0-0: Foul Ball, location: 7LDF
0-1: Ball
1-1: Ball
2-1: Called Strike
2-2: Fly out, F9 (Flyball, 9LM, EV 93.8 MPH)
Batting: LHB Brett Van Slooten 0-0: Ball
1-0: Foul Ball, location: 5DF
1-1: Called Strike
1-2: Ball
2-2: DOUBLE (Groundball, 3L, EV 106.3 MPH)
Batting: LHB Ryan George 0-0: Ball
1-0: Called Strike
1-1: Swinging Strike
1-2: Ground out U3 (Groundball, 34, EV 82.5 MPH)
Bottom of the 3rd over - 0 runs, 1 hit, 0 errors, 1 left on base; Spokane 2 - Everett 1
TOP OF THE 4TH
Spokane Indians batting - Pitching for Everett AquaSox : RHP Emilio Fioravanti
Batting: RHB Greg Milne 0-0: Called Strike
0-1: Called Strike
0-2: Fly out, F9 (Line Drive, 89M, EV 101.3 MPH)
Batting: LHB Justin Howard 0-0: Fly out, F8 (Flyball, 8RXD, EV 111.9 MPH)
Batting: SHB Pablo Cuevas 0-0: Ball
1-0: Ball
2-0: SINGLE (Groundball, 4MD, EV 98.1 MPH)
Batting: RHB Alex Minero 0-0: Ball
1-0: Called Strike
1-1: Called Strike
1-2: Foul Ball, location: 5F
1-2: Fly out, F9 (Flyball, 89M, EV 96.9 MPH)
Top of the 4th over - 0 runs, 1 hit, 0 errors, 1 left on base; Spokane 2 - Everett 1
BOTTOM OF THE 4TH
Everett AquaSox batting - Pitching for Spokane Indians : RHP Pat Pispinis
Batting: RHB Wyatt Cobb 0-0: Called Strike
0-1: Foul Ball, location: 2RF
0-2: Ball
1-2: Ball
2-2: DOUBLE (Line Drive, 89M, EV 105.6 MPH)
Batting: RHB Miguel Torres 0-0: Ball
Wild Pitch!
Wyatt Cobb to third
1-0: Called Strike
1-1: Foul Ball, location: 2F
1-2: Ball
2-2: Strikes out swinging
Batting: RHB Jim Hughes 0-0: Ball
1-0: Swinging Strike
1-1: Called Strike
1-2: Ball
2-2: Strikes out swinging
Batting: LHB Tobias Hernandez 0-0: Called Strike
0-1: Ball
1-1: Called Strike
1-2: Foul Ball, location: 25F
1-2: Foul Ball, location: 3FF
1-2: Strikes out swinging
Bottom of the 4th over - 0 runs, 1 hit, 0 errors, 1 left on base; Spokane 2 - Everett 1
TOP OF THE 5TH
Spokane Indians batting - Pitching for Everett AquaSox : RHP Emilio Fioravanti
Batting: RHB Mike Cooper 0-0: Called Strike
0-1: Called Strike
0-2: Foul Ball, location: 9LMF
0-2: DOUBLE (Flyball, 9LM, EV 101.9 MPH)
Batting: LHB Danny Luna 0-0: Called Strike
0-1: Ground out U3 (Groundball, 3L, EV 105.0 MPH)
Mike Cooper to third
Batting: RHB Seth Rulo 0-0: Ball
1-0: Called Strike
1-1: Ball
2-1: Swinging Strike
2-2: Ground out 6-3 (Groundball, 6, EV 85.6 MPH)
Mike Cooper scores
Batting: RHB Pat Hoover 0-0: Foul Ball, location: 3DF
0-1: Foul Ball, location: 2F
0-2: Ball
1-2: Ball
2-2: Foul Ball, location: 2F
2-2: Ball
3-2: Fly out, F9 (Flyball, 9D, EV 95.0 MPH)
Top of the 5th over - 1 run, 1 hit, 0 errors, 0 left on base; Spokane 3 - Everett 1
BOTTOM OF THE 5TH
Everett AquaSox batting - Pitching for Spokane Indians : RHP Pat Pispinis
Batting: LHB Darren Gatling 0-0: Ball
1-0: Ball
2-0: Called Strike
2-1: Foul Ball, location: 2F
2-2: Strikes out swinging
Batting: RHB Robert Olague 0-0: Called Strike
0-1: Foul Ball, location: 2LF
0-2: Ball
1-2: Ball
2-2: Ball
3-2: Foul Ball, location: 9LDF
3-2: Base on Balls
Batting: LHB Bryan Mahoney 0-0: Swinging Strike
0-1: Ball
1-1: SINGLE (Line Drive, 7LS, EV 96.3 MPH)
Robert Olague to second
Batting: LHB Brett Van Slooten 0-0: Ball
1-0: Called Strike
1-1: Fly out, F9 (Flyball, 9D, EV 88.8 MPH)
Runner from 2nd tags up, SAFE at 3rd, no throw by RF
Batting: LHB Ryan George 0-0: Ball
1-0: Foul Ball, location: 7LSF
1-1: Ball
2-1: Ball
3-1: Base on Balls
Bryan Mahoney to second
Pitching: RHP Jose Yescas
Batting: RHB Wyatt Cobb 0-0: Ball
1-0: Foul Ball, location: 2F
1-1: Called Strike
1-2: Strikes out looking
Bottom of the 5th over - 0 runs, 1 hit, 0 errors, 3 left on base; Spokane 3 - Everett 1
TOP OF THE 6TH
Spokane Indians batting - Pitching for Everett AquaSox : RHP Emilio Fioravanti
Batting: RHB Manny Valdenegro 0-0: Called Strike
0-1: Ball
1-1: SINGLE (Groundball, 6D, EV 108.8 MPH)
Batting: RHB Greg Milne 0-0: Ball
1-0: Ball
2-0: Grounds into double play, 4-6-3 (Groundball, 4S, EV 82.5 MPH)
Batting: LHB Justin Howard 0-0: Called Strike
0-1: Swinging Strike
0-2: Foul Ball, location: 7LMF
0-2: Ball
1-2: Foul Ball, location: 2F
1-2: Strikes out looking
Top of the 6th over - 0 runs, 1 hit, 0 errors, 0 left on base; Spokane 3 - Everett 1
BOTTOM OF THE 6TH
Everett AquaSox batting - Pitching for Spokane Indians : RHP Jose Yescas
Batting: RHB Miguel Torres 0-0: Ball
1-0: SINGLE (Line Drive, 89S, EV 110.0 MPH)
Pinch Hitting: LHB Tyler Staley 0-0: Called Strike
0-1: Ball
1-1: Foul Ball, location: 7LSF
1-2: Foul Ball, location: 5F
1-2: Ball
2-2: Grounds into double play, 6-4-3 (Groundball, 6, EV 83.8 MPH)
Pinch Hitting: RHB Keith Burchfield 0-0: Ball
1-0: Foul Ball, location: 5F
1-1: Ball
2-1: Swinging Strike
2-2: Strikes out swinging
Bottom of the 6th over - 0 runs, 1 hit, 0 errors, 0 left on base; Spokane 3 - Everett 1
TOP OF THE 7TH
Spokane Indians batting - Pitching for Everett AquaSox : RHP Emilio Fioravanti
Pitching: RHP Wade Matthews
Now at 3B: Carlos Pagan
Now in LF: Tyler Staley
Now in CF: Darren Gatling
Batting: SHB Pablo Cuevas 0-0: Ball
1-0: Ball
2-0: Ball
3-0: Base on Balls
Batting: RHB Alex Minero 0-0: Called Strike
0-1: Swinging Strike
0-2: Ball
1-2: Ball
2-2: Foul Ball, location: 2F
2-2: Ball
3-2: Strikes out swinging
Batting: RHB Mike Cooper 0-0: Ball
1-0: Grounds into double play, 5-4-3 (Groundball, 56S, EV 83.8 MPH)
Top of the 7th over - 0 runs, 0 hits, 0 errors, 0 left on base; Spokane 3 - Everett 1
BOTTOM OF THE 7TH
Everett AquaSox batting - Pitching for Spokane Indians : RHP Jose Yescas
Batting: LHB Darren Gatling 0-0: Called Strike
0-1: Called Strike
0-2: Ground out 5-3 (Groundball, 56S, EV 80.0 MPH)
Batting: RHB Robert Olague 0-0: Ball
1-0: Fly out, F8 (Flyball, 8LD, EV 78.1 MPH)
Batting: LHB Bryan Mahoney 0-0: Ball
1-0: Fly out, F7 (Flyball, 7, EV 98.1 MPH)
Bottom of the 7th over - 0 runs, 0 hits, 0 errors, 0 left on base; Spokane 3 - Everett 1
TOP OF THE 8TH
Spokane Indians batting - Pitching for Everett AquaSox : RHP Wade Matthews
Pitching: RHP Travis Chandler
Batting: LHB Danny Luna 0-0: Called Strike
0-1: Ball
1-1: Ball
2-1: Foul Ball, location: 7LDF
2-2: Ball
3-2: Fly out, F7 (Flyball, 78S, EV 89.4 MPH)
Batting: RHB Seth Rulo 0-0: SINGLE (Groundball, 34D, EV 101.3 MPH)
Batting: RHB Pat Hoover 0-0: Ball
1-0: Ball
2-0: Called Strike
2-1: Swinging Strike
2-2: Ball
3-2: Fly out, F3 (Popup, 3F, EV 68.1 MPH)
Batting: RHB Manny Valdenegro 0-0: Called Strike
0-1: Ball
1-1: Foul Ball, location: 9LDF
1-2: DOUBLE (Groundball, 5L, EV 102.5 MPH)
Seth Rulo to third
Batting: RHB Greg Milne 0-0: Foul Ball, location: 5F
0-1: Swinging Strike
0-2: Strikes out swinging
Top of the 8th over - 0 runs, 2 hits, 0 errors, 2 left on base; Spokane 3 - Everett 1
BOTTOM OF THE 8TH
Everett AquaSox batting - Pitching for Spokane Indians : RHP Jose Yescas
Batting: LHB Brett Van Slooten 0-0: Called Strike
0-1: Ball
1-1: Foul Ball, location: 7LDF
1-2: Strikes out swinging
Pitching: LHP Jesse Sullivan
Pinch Hitting: RHB Victor Garcia 0-0: Called Strike
0-1: SINGLE (Groundball, 6MD, EV 98.8 MPH)
Pitching: RHP Pat Daily
Batting: RHB Wyatt Cobb 0-0: Ball
1-0: Called Strike
1-1: Ball
2-1: Ball
3-1: SINGLE (Line Drive, 4D, EV 95.6 MPH)
Victor Garcia to second
Pinch Runner at 2nd Aaron Bruno:
Batting: RHB Miguel Torres 0-0: SINGLE (Line Drive, 6D, EV 105.6 MPH)
Aaron Bruno to third
Wyatt Cobb to second
Runner from 3rd tries for Home, SAFE, throw by CF to home
Pinch Runner at 2nd Josh Meyer:
Batting: LHB Tyler Staley 0-0: Ball
1-0: Ball
2-0: Ball
3-0: Base on Balls
Josh Meyer to third
Miguel Torres to second
Pinch Hitting: RHB David Hill 0-0: Ball
1-0: Ball
2-0: Ball
3-0: Base on Balls
Josh Meyer scores
Miguel Torres to third
Tyler Staley to second
Batting: LHB Darren Gatling 0-0: Called Strike
0-1: Called Strike
0-2: Ball
1-2: Ball
2-2: Foul Ball, location: 3F
2-2: Ball
3-2: Fly out, F8 (Line Drive, 8LD, EV 97.5 MPH)
Runner from 3rd tags up, SCORES, throw by CF
Tyler Staley to third
Batting: RHB Robert Olague 0-0: Ball
1-0: Ball
2-0: Called Strike
2-1: Fly out, F3 (Popup, 3SF, EV 81.3 MPH)
Bottom of the 8th over - 3 runs, 3 hits, 0 errors, 2 left on base; Spokane 3 - Everett 4
TOP OF THE 9TH
Spokane Indians batting - Pitching for Everett AquaSox : RHP Travis Chandler
Pitching: LHP Mike Swift
Now at C: Josh Meyer
Now at 3B: Jim Passerini
Now in RF: Aaron Bruno
Pinch Hitting: RHB David Victoria 0-0: SOLO HOME RUN (Flyball, 89XD, EV 108.1 MPH), Distance : 423 ft
Batting: SHB Pablo Cuevas 0-0: Fly out, F8 (Flyball, 8LM, EV 90.6 MPH)
Pinch Hitting: LHB Branden Clark 0-0: Called Strike
0-1: Ball
1-1: Ball
2-1: Ball
3-1: Swinging Strike
3-2: Base on Balls
Batting: RHB Mike Cooper 0-0: SINGLE (Groundball, 6MD, EV 97.5 MPH)
Branden Clark to second
Pinch Hitting: RHB Zyaire Spencer 0-0: Ball
1-0: Called Strike
1-1: Called Strike
1-2: Ball
Wild Pitch!
Branden Clark to third
Mike Cooper to second
2-2: Strikes out swinging
Batting: RHB Seth Rulo 0-0: Intentional Walk
Batting: RHB Pat Hoover 0-0: Called Strike
0-1: Ball
1-1: Foul Ball, location: 2F
1-2: Foul Ball, location: 9LSF
1-2: Ground out 1-3 (Groundball, 34S, EV 67.5 MPH)
Top of the 9th over - 1 run, 2 hits, 0 errors, 3 left on base; Spokane 4 - Everett 4
BOTTOM OF THE 9TH
Everett AquaSox batting - Pitching for Spokane Indians : RHP Pat Daily
Now at 1B: Pablo Cuevas
Now at 3B: Zyaire Spencer
Now in LF: Mike Cooper
Now in CF: Chris Delaney
Now in RF: Kevin Norvell
Batting: LHB Bryan Mahoney 0-0: Hit by Pitch
Batting: LHB Brett Van Slooten 0-0: Ball
1-0: Ball
2-0: Called Strike
2-1: SINGLE (Groundball, 6MD, EV 105.0 MPH)
Bryan Mahoney to second
Batting: RHB Aaron Bruno 0-0: Ball
1-0: Ball
2-0: Ball
3-0: Called Strike
3-1: Base on Balls
Bryan Mahoney to third
Brett Van Slooten to second
Pitching: RHP Efrain Fuentes
Batting: LHB Josh Meyer 0-0: Ball
1-0: Grounds into fielders choice 4-2 (Groundball, 4, EV 86.9 MPH)
Brett Van Slooten to third
Aaron Bruno to second
Batting: RHB Miguel Torres 0-0: Grounds into double play, 4-2-3 (Groundball, 4, EV 85.0 MPH)
Bottom of the 9th over - 0 runs, 1 hit, 0 errors, 2 left on base; Spokane 4 - Everett 4
TOP OF THE 10TH
Spokane Indians batting - Pitching for Everett AquaSox : LHP Mike Swift
Pat Hoover starts the inning at 2nd base.
Pinch Hitting: RHB Bobby Dolan 0-0: Ball
1-0: Ball
2-0: Ball
3-0: Called Strike
3-1: Ground out 2-3 (Groundball, 15S, EV 66.3 MPH)
Batting: RHB Greg Milne 0-0: Ball
1-0: Foul Ball, location: 9LSF
1-1: Ground out 3-1 (Groundball, 34, EV 94.4 MPH)
Pat Hoover to third
Batting: RHB Kevin Norvell 0-0: Ball
1-0: Ball
2-0: Ball
3-0: Swinging Strike
3-1: Foul Ball, location: 23F
3-2: Foul Ball, location: 9LMF
3-2: Strikes out swinging
Top of the 10th over - 0 runs, 0 hits, 0 errors, 1 left on base; Spokane 4 - Everett 4
BOTTOM OF THE 10TH
Everett AquaSox batting - Pitching for Spokane Indians : RHP Efrain Fuentes
Miguel Torres starts the inning at 2nd base.
Now at C: Bobby Dolan
Batting: LHB Tyler Staley 0-0: Ball
1-0: Ground out 1-3 (Groundball, 15S, EV 71.9 MPH)
Batting: LHB Jim Passerini 0-0: Ball
1-0: Foul Ball, location: 2LF
1-1: Swinging Strike
1-2: Ground out U3 (Groundball, 34S, EV 78.8 MPH)
Miguel Torres to third
Batting: LHB Darren Gatling 0-0: Called Strike
0-1: Ball
1-1: Ball
2-1: Foul Ball, location: 7LMF
2-2: Ball
3-2: Fly out, F6 (Popup, 6MD, EV 48.8 MPH)
Bottom of the 10th over - 0 runs, 0 hits, 0 errors, 1 left on base; Spokane 4 - Everett 4
TOP OF THE 11TH
Spokane Indians batting - Pitching for Everett AquaSox : LHP Mike Swift
Kevin Norvell starts the inning at 2nd base.
Batting: SHB Pablo Cuevas 0-0: Ball
1-0: Ball
2-0: Ball
3-0: Called Strike
3-1: Base on Balls
Batting: RHB Chris Delaney 0-0: Called Strike
0-1: Ball
1-1: Ball
2-1: Foul Ball, location: 2RF
2-2: Strikes out looking
Batting: RHB Mike Cooper 0-0: Ball
1-0: Ball
2-0: Ball
3-0: Called Strike
3-1: Base on Balls
Kevin Norvell to third
Pablo Cuevas to second
Batting: RHB Zyaire Spencer 0-0: Fly out, F8 (Line Drive, 8LD, EV 86.9 MPH)
Runner from 3rd tags up, SCORES, throw by CF
Pablo Cuevas to third
Batting: RHB Seth Rulo 0-0: Ball
1-0: Ball
2-0: Ball
3-0: Called Strike
3-1: Foul Ball, location: 2F
3-2: Base on Balls
Mike Cooper to second
Batting: RHB Pat Hoover 0-0: Foul Ball, location: 25FF
0-1: Foul Ball, location: 7LSF
0-2: Ball
1-2: Ball
2-2: GRAND SLAM HOME RUN (Flyball, 9LD, EV 91.9 MPH), Distance : 333 ft
Pitching: RHP Michael Acosta
Batting: RHB Bobby Dolan 0-0: SOLO HOME RUN (Flyball, 7LD, EV 93.8 MPH), Distance : 331 ft
Batting: RHB Greg Milne 0-0: Ground out U3 (Groundball, 3S, EV 85.0 MPH)
Top of the 11th over - 6 runs, 2 hits, 0 errors, 0 left on base; Spokane 10 - Everett 4
BOTTOM OF THE 11TH
Everett AquaSox batting - Pitching for Spokane Indians : RHP Efrain Fuentes
Darren Gatling starts the inning at 2nd base.
Batting: RHB Robert Olague 0-0: Ball
1-0: Ball
2-0: Ball
3-0: Foul Ball, location: 5FF
3-1: Base on Balls
Batting: LHB Bryan Mahoney 0-0: Called Strike
0-1: Grounds into double play, 4-6-3 (Groundball, 4, EV 100.0 MPH)
Darren Gatling to third
Batting: LHB Brett Van Slooten 0-0: Called Strike
0-1: Called Strike
0-2: Ball
1-2: Foul Ball, location: 2F
1-2: Strikes out swinging
Bottom of the 11th over - 0 runs, 0 hits, 0 errors, 1 left on base; Spokane 10 - Everett 4
Friday, April 12th , 2024 - OOTP Baseball 24.11 Build 85